 Dungeon Crawl Stone Soup version 0.30-a0-881-g1ff12e1e11 (webtiles) character file.

Game seed: 87223605839215587

113 retardedninja the Covered (level 4, -1/40 HPs)
             Began as an Armataur Fighter on Mar 14, 2023.
             Killed by nerve-wracking pain
             ... invoked by Grinder
              (8 damage)
             ... on level 3 of the Dungeon.
             The game lasted 00:01:59 (1942 turns).

retardedninja the Covered (Armataur Fighter)        Turns: 1942, Time: 00:02:00

Health: -1/40      AC:  8    Str: 24    XL:     4   Next: 65%
Magic:  4/4        EV:  7    Int:  8    God:
Gold:   149        SH:  4    Dex:  9    Spells: 3/3 levels left

rFire   . . .      SeeInvis .    a - +0 war axe
rCold   . . .      Faith    .    c - +0 buckler
rNeg    . . .      Spirit   .    b - +0 scale mail
rPois   .          Reflect  .    j - +0 helmet
rElec   .          Roll     +    (no cloak)
rCorr   .                        (no gloves)
Will    .....                    (no barding) Stlth
                                 (no amulet)
HPRegen 0.26/turn                (no ring)
MPRegen 0.09/turn                (no ring)

@: mighty
A: large, rugged brown scales 3, deformed body, armoured tail, roll, long
tongue, awkward tongue
a: no special abilities


You were on level 3 of the Dungeon.
You visited 1 branch of the dungeon, and saw 3 of its levels.

You collected 149 gold pieces.

Inventory:

Hand Weapons
 a - a +0 war axe (weapon)
Armour
 b - a +0 scale mail (worn)
 c - a +0 buckler (worn)
 j - a +0 helmet (worn)
Scrolls
 h - a scroll of teleportation {unknown}
 i - a scroll of identify {unknown}
 k - a scroll of brand weapon {unknown}
 l - a scroll of blinking {unknown}
 m - a scroll of vulnerability {unknown}
Potions
 e - a potion of brilliance {unknown}
 f - 2 potions of haste {unknown}
 g - 2 potions of heal wounds {unknown}
 n - 2 potions of degeneration {unknown}


   Skills:
 + Level 3.4 Fighting
 + Level 2.4 Axes
 + Level 4.5 Armour
 + Level 4.1 Shields


You had 3 spell levels left.
You didn't know any spells.
Your spell library contained the following spells:

 Spells                   Type           Power      Damage    Failure   Level
 Necrotise                Necr           0%         1d4       77%         1
 Slow                     Hex            0%         N/A       77%         1
 Ensorcelled Hibernation  Hex/Ice        0%         N/A       88%         2
 Passwall                 Tmut/Erth      0%         N/A       88%         2
 Confusing Touch          Hex            0%         N/A       98%         3
 Swiftness                Air            0%         N/A       98%         3
 Vampiric Draining        Necr           0%         2d6       98%         3
 Agony                    Necr           0%         N/A       100%        5


Dungeon Overview and Level Annotations

Branches:
Dungeon (3/15)

Altars:

Annotations:
D:3 Grinder


Innate Abilities, Weirdness & Mutations

You are completely covered in rugged brown scales. (AC +3, +7% HP)
Armour fits poorly on your strangely shaped body.
You have a long armoured tail.
You roll when moving toward enemies. (Rampage)
Your long tongue fully drains potion bottles. (2x potion effects)
Your tongue gives you trouble enunciating. (1.5x scroll delay)


Message History

You block Grinder's attack.
You barely miss Grinder.
Grinder is moderately wounded.
Grinder barely misses you. Grinder gestures at you.
You barely resist. You slice Grinder!!
Grinder is severely wounded.
Grinder blinks!
Grinder hits you but does no damage.
You hit Grinder.
Grinder is severely wounded.
Grinder blinks!
Grinder gestures at you.
You suddenly lose the ability to move!
Grinder zaps a wand.
The puff of flame hits you.
You can move again.
You roll towards Grinder!
You barely miss Grinder.
Grinder is severely wounded.
Grinder gestures at you. Pain shoots through your body!
Unknown command.
You barely miss Grinder.
Grinder is severely wounded.
Grinder blinks!
Unknown command.
Grinder zaps a wand.
The puff of flame hits you.
There is a stone staircase leading up here.
Grinder hits you.
You closely miss Grinder.
Your tail-slap misses Grinder.
Grinder is severely wounded.
Grinder hits you.
You writhe in agony.
Grinder zaps a wand.
The puff of flame hits you!
* * * LOW HITPOINT WARNING * * *
You slash Grinder!
Your tail-slap misses Grinder.
Grinder is almost dead.
Grinder blinks!
Grinder gestures at you. Pain shoots through your body!
You die...

. #...#.#?###.
..#.....#.#..
........#.#.#
........#.#.#####
.......<.........
#.#.#.#..........
###..........
#............
#.#..@..>....
#.###...5.... #
.........
.#........
#.###.##### . .#
.. .# ## ##


You could see Grinder.

Vanquished Creatures
  Terence (D:2)
  3 adders (D:2)
  2 gnolls (D:2)
  A ball python (D:1)
  4 endoplasms
  7 goblins
  4 hobgoblins
  4 kobolds
  2 quokkas
  6 bats (D:1)
  6 frilled lizards (D:1)
  7 rats
47 creatures vanquished.

Notes
Turn   | Place    | Note
-------+----------+-------------------------------------------
     0 | D:1      | retardedninja the Armataur Fighter began the quest for the
                  | Orb.
     0 | D:1      | Reached XP level 1. HP: 19/19 MP: 1/1
    88 | D:1      | Reached XP level 2. HP: 25/26 MP: 2/2
   629 | D:2      | Reached XP level 3. HP: 29/33 MP: 3/3
  1253 | D:2      | Reached XP level 4. HP: 40/40 MP: 4/4
  1711 | D:3      | Noticed Terence
  1711 | D:3      | Noticed Grinder
  1718 | D:2      | Killed Terence
  1928 | D:3      | Paralysed by Grinder for 4 turns
  1942 | D:3      | Killed from afar by Grinder

Illustrated notes

Levels and vault maps discovered:
D:1:      wander_arrival_abandoned_jail, layout_basic
D:2:      layout_basic
D:3:      layout_basic, gammafunk_temple_overflow_forgotten, uniq_terence,
          uniq_sigmund, uniq_grinder, uniq_robin

Skill      XL: |  1  2  3  4 |
---------------+-------------+-----
Fighting       | 3 |  3.4
Armour         | 4 |  4.5
Axes           | 2 |  2.4
Shields        | 4 |  4.1

Action                     |  1- 3 |  4- 6 || total
---------------------------+-------+-------++-------
  Melee: War axe           |   110 |    30 ||   140
         Tailslap          |    15 |     1 ||    16
    Use: Potion            |       |     1 ||     1
 Armour: Scale mail        |    63 |    12 ||    75
  Dodge: Dodged            |    36 |    15 ||    51
  Block: Buckler           |    15 |     3 ||    18

Table legend: (Time is in decaauts)
 A = Elapsed time spent in this place.
 B = Non-inter-level travel time spent in this place.
 C = Inter-level travel time spent in this place.
 D = Time resting spent in this place.
 E = Time spent auto-exploring this place.
 F = Levels seen in this place.
 G = Mean time per level.
                   A        B        C        D        E       F      G
               +--------+--------+--------+--------+--------+-----+--------+
         Total |   2004 |   1982 |     22 |    337 |   1285 |   3 |  668.0 |
       Dungeon |   2004 |   1982 |     22 |    337 |   1285 |   3 |  668.0 |
               +--------+--------+--------+--------+--------+-----+--------+

Top non-repeatable levels by time:
     D:2: 1311 daAuts
     D:1: 654 daAuts
     D:3: 38 daAuts
